 Dungeon Crawl Stone Soup version 0.21.0-3-g78d12a8 (webtiles) character file.

725 Monsterracer the Reanimator (level 7, -1/36 HPs)
             Began as a Deep Elf Necromancer on Jan 16, 2018.
             Was an Initiate of Vehumet.
             Killed by divine providence
             ... invoked by an orc priest
              (13 damage)
             ... on level 5 of the Dungeon.
             The game lasted 00:07:52 (5919 turns).

Monsterracer the Reanimator (Deep Elf Necromancer)  Turns: 5919, Time: 00:07:52

Health: -1/36      AC:  3    Str:  5    XL:     7   Next: 43%
Magic:  16/18      EV: 13    Int: 22    God:    Vehumet [......]
Gold:   212        SH:  0    Dex: 15    Spells: 6/18 levels left

rFire    . . .     SeeInvis +   o - +2 flail (protect)
rCold    . . .     Gourm    .   (no shield)
rNeg     . . .     Faith    .   a - +0 robe
rPois    .         Spirit   .   (no helmet)
rElec    .         Reflect  .   (no cloak)
rCorr    .         Harm     .   (no gloves)
MR       .....                  m - +0 pair of boots
Stlth    ++........             (no amulet)
HPRegen  0.12/turn              r - ring of see invisible
MPRegen  0.16/turn              (no ring)

@: no status effects
A: no striking features
a: Renounce Religion


You were on level 5 of the Dungeon.
You worshipped Vehumet.
Vehumet was noncommittal.
You were not hungry.

You visited 2 branches of the dungeon, and saw 6 of its levels.

You collected 212 gold pieces.

Inventory:

Hand Weapons
 o - a +2 flail of protection (weapon)
Missiles
 g - a throwing net (quivered)
Armour
 a - a +0 robe (worn)
 m - a +0 pair of boots (worn)
Jewellery
 r - a ring of see invisible (left hand)
Wands
 s - a wand of enslavement (10)
Scrolls
 f - a scroll of amnesia
Potions
 d - a potion of flight {unknown}
 e - 3 potions of curing {unknown}
 h - 3 potions of ambrosia {!q}
 i - a potion of cancellation {unknown}
 j - a potion of lignification {unknown}
 k - a potion of heal wounds {unknown}
 p - a potion of haste
 q - a potion of mutation {unknown}
Books
 b - a book of Necromancy

   Spells                             Type                      Level
   a - Pain                           Necromancy                   1
   b - Animate Skeleton               Necromancy                   1
   c - Vampiric Draining              Necromancy                   3
   d - Regeneration                   Charms/Necromancy            3
   e - Animate Dead                   Necromancy                   4
   f - Borgnjor's Vile Clutch         Necromancy/Earth             5
Comestibles
 c - 9 rations


   Skills:
 - Level 2.4 Dodging
 - Level 2.4 Stealth
 + Level 6.2 Spellcasting
 - Level 2.0 Charms
 * Level 8.7 Necromancy
 * Level 3.4 Earth Magic


You had 6 spell levels left.
You knew the following spells:

 Your Spells              Type           Power        Failure   Level  Hunger
a - Pain                  Necr           ####         1%          1    None
b - Regeneration          Chrm/Necr      ####......   3%          3    #......
c - Vampiric Draining     Necr           #####.....   1%          3    #......
d - Borgnjor's Vile Clut  Necr/Erth      ####......   21%         5    #####..


Dungeon Overview and Level Annotations

Branches:
Dungeon (5/15)             Temple (1/1) D:4

Altars:
Ashenzari
Cheibriados
Dithmenos
Elyvilon
Fedhas
Gozag
Hepliaklqana
Kikubaaqudgha
Makhleb
Nemelex Xobeh
Okawaru
Ru
Sif Muna
Trog
Uskayaw
Vehumet
Wu Jian
Xom
Yredelemnul
Zin
The Shining One


Message History

The howler monkey howls!
The howler monkey completely misses you.
Casting: Borgnjor's Vile Clutch
Confirm with . or Enter, or press ? or * to list all spells.
Aiming: Vampiric Draining
Press: ? - help, Shift-Dir - straight line, f - howler monkey
Aim: a howler monkey Nothing appears to happen.
The howler monkey hits you.
You take 3 damage, and have 33/36 hp.
You now have 15/18 mp.
You hit the howler monkey.
Your weapon exudes an aura of protection.
The howler monkey is lightly wounded.
The howler monkey hits you but does no damage.
The howler monkey barely misses you.
An orc comes into view. It is wielding a flail of protection.
You closely miss the howler monkey.
The howler monkey is lightly wounded.
The howler monkey barely misses you.
The orc shouts!
You sock the howler monkey!
The howler monkey is heavily wounded.
The howler monkey barely misses you.
The orc throws a tomahawk.
The tomahawk hits you but does no damage.
The howler monkey hoots and howls with incredible vigour!
You hear a shout! x2; You hear a loud, deep croak!
You hear a howl!
You hear a shout! x7
You hit the howler monkey.
The howler monkey is severely wounded.
The orc throws a tomahawk.
The tomahawk barely misses you.
The howler monkey closely misses you. x2; The orc throws a tomahawk.
The tomahawk hits you.
You take 1 damage, and have 33/36 hp.
Casting: Vampiric Draining
Confirm with . or Enter, or press ? or * to list all spells.
Aiming: Pain
Press: ? - help, Shift-Dir - straight line, f/p - howler monkey
Aim: a howler monkey (severely wounded, catching its breath, chance to defeat MR: 89%)
The howler monkey writhes in agony!
You kill the howler monkey!
Vehumet accepts your kill.
The orc throws a tomahawk.
The tomahawk hits you.
Casting: Pain
Confirm with . or Enter, or press ? or * to list all spells.
You can't see any susceptible monsters within range! (Use Z to cast anyway.) Unknown command.
You take 4 damage, and have 29/36 hp.
You now have 15/18 mp.
An orc priest comes into view. It is wielding a short sword.
The orc priest shouts!
The orc priest invokes the aid of Beogh against you.
Beogh smites you!
* * * LOW HITPOINT WARNING * * *
You hear a shout!
You see here a howler monkey corpse.
You take 15 damage, and have 14/36 hp.
MASSIVE DAMAGE!!
Casting: Pain
Confirm with . or Enter, or press ? or * to list all spells.
Aiming: Borgnjor's Vile Clutch
Press: ? - help, Dir - move target cursor Out of range.
Okay, then.
A howler monkey comes into view.
The howler monkey moves out of view.
Things that are here:
a flail; an orc skeleton
There is a stone staircase leading up here.
Things that are here:
a hand axe; a leather armour; a tomahawk You climb upwards.
There is a stone staircase leading down here.
MP restored: 18 You start resting.
HP restored.
Health restored: 36 You can't go up here!
You climb downwards.
The orc hits you with a flail of protection!
There is a stone staircase leading up, spattered with blood here.
Things that are here:
a tomahawk; a leather armour; a hand axe You take 11 damage, and have 25/36 hp.
MASSIVE DAMAGE!!
Casting: Borgnjor's Vile Clutch
Confirm with . or Enter, or press ? or * to list all spells.
Aiming: Pain
Press: ? - help, Shift-Dir - straight line, f - orc
Aim: an orc, wielding a flail of protection and wearing a leather armour (chance to defeat MR: 93%)
The orc writhes in agony!
The orc hits you with a flail of protection!
* * * LOW HITPOINT WARNING * * *
You take 12 damage, and have 13/36 hp.
MASSIVE DAMAGE!!
You now have 17/18 mp.
Casting: Pain
Confirm with . or Enter, or press ? or * to list all spells.
Aiming: Pain
Press: ? - help, Shift-Dir - straight line, f/p - orc
Aim: an orc, wielding a flail of protection and wearing a leather armour (moderately wounded, chance to defeat MR: 93%)
The orc writhes in agony!
You kill the orc!
Vehumet accepts your kill.
The orc priest mumbles some strange prayers to Beogh against you.
Beogh smites you!
You die...

#....# ####.# #####.#
#.....# #.##..#
#.....######.
####.........
#.#####[.######.
#....[@.(# .# .#
#####)#### #.###.## #...#
#.#..... #...# #.#.#.##
#.o.# #......# #...#
#..... #...########.#.#
.#######.(......##(...##.#
............###o.o.†.....#


You could see an orc priest.

Vanquished Creatures
  A scorpion (D:4)
  A howler monkey (D:5)
  An orc wizard (D:5)
  5 orc priests
  2 hounds (D:5)
  2 iguanas (D:4)
  Terence (D:3)
  A worker ant (D:4)
  Natasha (thrice) (D:4)
  A killer bee zombie (D:5)
  5 adders
  4 gnolls (D:4)
  2 oozes
  2 worms
  2 dart slugs
  2 leopard geckos
  19 orcs
  3 ball pythons
  5 bats
  4 giant cockroaches
  5 goblins
  9 hobgoblins
  6 jackals
  A quokka (D:2)
  5 frilled lizards
  3 kobolds
  5 rats
100 creatures vanquished.

Notes
Turn   | Place    | Note
-------+----------+-------------------------------------------
     0 | D:1      | Monsterracer the Deep Elf Necromancer began the quest for the Orb.
     0 | D:1      | Reached XP level 1. HP: 10/10 MP: 6/6
    17 | D:1      | HP: 5/10 [giant cockroach (1)]
   244 | D:1      | Reached skill level 5 in Necromancy
   486 | D:1      | Reached XP level 2. HP: 11/15 MP: 2/8
  1279 | D:1      | Reached XP level 3. HP: 19/19 MP: 8/10
  1290 | D:1      | Learned a level 3 spell: Vampiric Draining
  1294 | D:1      | Learned a level 3 spell: Regeneration
  1614 | D:2      | Reached skill level 6 in Necromancy
  1884 | D:2      | Reached XP level 4. HP: 23/24 MP: 9/12
  2611 | D:3      | Noticed Terence
  2621 | D:3      | Killed Terence
  2621 | D:3      | Reached skill level 1 in Charms
  2637 | D:3      | Reached XP level 5. HP: 18/28 MP: 0/13
  2664 | D:3      | HP: 13/28 [orc/hand axe (5)]
  2977 | D:3      | HP: 6/28 [orc priest/divine providence (12)]
  2982 | D:3      | Reached skill level 7 in Necromancy
  3400 | D:3      | Reached skill level 5 in Spellcasting
  3606 | D:3      | Reached XP level 6. HP: 29/32 MP: 10/15
  3613 | D:3      | Learned a level 5 spell: Borgnjor's Vile Clutch
  4080 | D:4      | Reached skill level 1 in Earth Magic
  4239 | D:4      | Found a staircase to the Ecumenical Temple.
  4242 | D:4      | Noticed Natasha
  4253 | D:4      | Killed Natasha
  4268 | Temple   | Entered the Ecumenical Temple
  4433 | Temple   | Became a worshipper of Vehumet
  4523 | D:4      | Reached skill level 8 in Necromancy
  4556 | D:4      | Noticed Natasha
  4560 | D:4      | Killed Natasha
  4953 | D:4      | Noticed Natasha
  4956 | D:4      | Killed Natasha
  4956 | D:4      | Reached XP level 7. HP: 27/36 MP: 13/17
  5240 | D:5      | Entered Level 5 of the Dungeon
  5369 | D:5      | HP: 18/36 [hound (3)]
  5499 | D:5      | HP: 10/36 [orc priest/divine providence (13)]
  5736 | D:5      | HP: 14/36 [orc priest/divine providence (15)]
  5918 | D:5      | HP: 13/36 [orc/flail of protection (11)]
  5919 | D:5      | Killed from afar by an orc priest

Skill      XL: |  1  2  3  4  5  6  7 |
---------------+----------------------+-----
Necromancy     | 5 6 7 8 |  8.7
Spellcasting   | 4 5 6 |  6.2
Charms         | 1 2 |  2.0
Earth Magic    | 2 3 |  3.4
Dodging        | |  2.4
Stealth        | |  2.4

Action                   |  1- 3 |  4- 6 |  7- 9 || total
-------------------------+-------+-------+-------++-------
Melee: Dagger            |     1 |     4 |       ||     5
       Flail             |       |    12 |    17 ||    29
 Cast: Pain              |    55 |   117 |    18 ||   190
       Vampiric Draining |       |     3 |     4 ||     7
       Regeneration      |       |     1 |       ||     1
       Borgnjor's Vile C |       |       |     2 ||     2
  Use: Scroll            |       |     7 |     1 ||     8
 Stab: Sleeping          |       |     1 |       ||     1
       Distracted        |       |     1 |       ||     1
  Eat: Chunk             |     3 |     9 |     4 ||    16
Armor: Robe              |     4 |     8 |    10 ||    22
Dodge: Dodged            |    12 |    21 |    26 ||    59

Vault maps used:
D:1:      dpeg_arrival_pits, minmay_box_of_dots
D:2:      kennysheep_generic_room_12
D:3:      eino_curves_02, dk_vineyard_3, uniq_terence
D:4:      minmay_temple_entry_enclosed_plants, first_ration, uniq_natasha
D:5:      st_stairs_11, tgw_trog, uniq_duvessa, uniq_menkaure,
          uniq_prince_ribbit1
Temple:   minmay_crystal_snake_temple
